 Dungeon Crawl Stone Soup version 0.27-a0-1140-g099f9bb0e8 (webtiles) character file.

Game seed: 16770993511600358211

3551 freelancePsychic the Slinger (level 10, -1/85 HPs)
             Began as a Formicid Hunter on May 9, 2021.
             Was a Believer of Okawaru.
             Succumbed to a killer bee's poison
             ... on level 8 of the Dungeon.
             The game lasted 00:17:54 (8090 turns).

freelancePsychic the Slinger (Formicid Hunter)      Turns: 8090, Time: 00:17:55

Health: -1/85      AC:  7    Str: 20    XL:     10   Next: 30%
Magic:  9/10       EV: 10    Int: 11    God:    Okawaru [**....]
Gold:   420        SH:  0    Dex: 11    Spells: 9/9 levels left

rFire    + . .     SeeInvis +   a - +1 hunting sling
rCold    + . .     Faith    .   (no shield)
rNeg     . . .     Spirit   .   m - +0 scale mail
rPois    +         Reflect  .   (helmet unavailable)
rElec    +         Harm     .   (no cloak)
rCorr    +         Rampage  .   (no gloves)
Will     +....                  i - +0 pair of boots
Stlth    ..........             (no amulet)
HPRegen  0.24/turn              (no ring)
MPRegen  0.12/turn              (no ring)

@: mighty, lethally poisoned (-1 -> -9), resistant, flying
A: permanent stasis, dig shafts and tunnels, antennae 3, four strong arms
a: Dig, Shaft Self, Renounce Religion, Heroism


You were on level 8 of the Dungeon.
You worshipped Okawaru.
Okawaru was pleased with you.
You visited 2 branches of the dungeon, and saw 9 of its levels.

You collected 420 gold pieces.

Inventory:

Hand Weapons
 a - a +1 hunting sling (weapon)
 b - a +0 war axe
Missiles
 h - 183 stones (quivered ammo)
 j - a throwing net
Armour
 c - a +0 leather armour
 i - a +0 pair of boots (worn)
 m - a +0 scale mail (worn)
Wands
 o - a wand of acid (5)
 s - a wand of polymorph (10)
Scrolls
 l - 2 scrolls of teleportation {unknown}
 n - a scroll of blinking {unknown}
 r - 2 scrolls of identify {@r1}
Potions
 f - 3 potions of attraction
 p - a potion of brilliance


   Skills:
 + Level 10.2 Fighting
 - Level 2.1 Axes
 - Level 12.0 Slings
 - Level 1.7 Dodging
 - Level 1.2 Stealth


You had 9 spell levels left.
You didn't know any spells.
Your spell library was empty.

Dungeon Overview and Level Annotations

Branches:
Dungeon (8/15)             Temple (1/1) D:6
   Lair: D:8-11

Altars:
Dithmenos
Elyvilon
Fedhas
Hepliaklqana
Makhleb
Nemelex Xobeh
Okawaru
Qazlal
Ru
Sif Muna
Uskayaw
Vehumet
Xom
Zin
The Shining One

Shops:
D:3 !(

Annotations:
D:2 Sigmund


Innate Abilities, Weirdness & Mutations

You cannot be hasted, slowed, berserked, paralysed or teleported.
You can dig through walls and to a lower floor.
You have a pair of large antennae on your head. (SInv)
Your four strong arms can wield two-handed weapons with a shield.


Message History

Fire: 188 stones
Press: ? - help, Q - select action, (/) - cycle Shift-Dir - straight line, f/p - killer bee
Aim: a killer bee (heavily wounded, 47% to hit)
You shoot a stone.
The stone hits the killer bee but does no damage.
The killer bee is heavily wounded.
The killer bee stings you.
* * * LOW HITPOINT WARNING * * *
Fire: 187 stones
Press: ? - help, Q - select action, (/) - cycle Shift-Dir - straight line, f/p - killer bee
Aim: a killer bee (heavily wounded, 47% to hit)
You shoot a stone.
The stone closely misses the killer bee.
The killer bee barely misses you.
Fire: 186 stones
Press: ? - help, Q - select action, (/) - cycle Shift-Dir - straight line, f/p - killer bee
Aim: a killer bee (heavily wounded, 47% to hit)
You shoot a stone. The stone misses the killer bee.
The killer bee barely misses you.
Fire: 185 stones
Press: ? - help, Q - select action, (/) - cycle Shift-Dir - straight line, f/p - killer bee
Aim: a killer bee (heavily wounded, 47% to hit)
You shoot a stone. The stone barely misses the killer bee.
The killer bee stings you!
* * * LOW HITPOINT WARNING * * *
You are lethally poisoned!
The killer bee poisons you!
Fire: 184 stones
Press: ? - help, Q - select action, (/) - cycle Shift-Dir - straight line, f/p - killer bee
Aim: a killer bee (heavily wounded, 47% to hit)
You shoot a stone. The stone hits the killer bee!
You kill the killer bee!
Okawaru accepts your kill.
* * * LOW HITPOINT WARNING * * *
You feel sick.
Okay, then.
It was a potion of flight.
You feel very buoyant.
You fly up into the air.
You die...

⌠
####..(
##(.(.#
#@((.(#
##(..##
####


There were no monsters in sight!

Vanquished Creatures
  Prince Ribbit (D:6)
  3 yaks (D:7)
  A water moccasin (D:7)
  2 sky beasts
  3 ice beasts (D:7)
  An orc warrior (D:7)
  2 ogres (D:5)
  2 necrophages
  A bullfrog (D:6)
  5 scorpions
  A water moccasin zombie (D:5)
  A water moccasin skeleton (D:6)
  10 killer bees
  9 wights
  2 bullfrog zombies
  2 jellies (D:5)
  2 centaur skeletons
  6 iguanas
  Terence (D:2)
  Natasha (D:3)
  An orc wizard (D:5)
  A killer bee zombie (D:7)
  A hound skeleton (D:5)
  3 gnolls (D:6)
  10 adders
  2 adder skeletons
  3 worms (D:2)
  7 orcs
  5 ball pythons
  4 bats
  11 endoplasms
  A giant cockroach (D:1)
  6 goblins
  4 hobgoblins
  2 jackals (D:4)
  5 kobolds
  2 quokkas (D:1)
  2 frilled lizards
  7 rats
133 creatures vanquished.

Vanquished Creatures (others)
  2 fungi (D:1)
  4 toadstools (D:1)
6 creatures vanquished.

Grand Total: 139 creatures vanquished

Notes
Turn   | Place    | Note
-------+----------+-------------------------------------------
     0 | D:1      | freelancePsychic the Formicid Hunter began the quest for
                  | the Orb.
     0 | D:1      | Reached XP level 1. HP: 16/16 MP: 1/1
    43 | D:1      | Reached XP level 2. HP: 9/23 MP: 2/2
   440 | D:1      | Reached XP level 3. HP: 29/29 MP: 3/3
   592 | D:1      | Reached skill level 5 in Slings
   678 | D:1      | Found a faded altar of an unknown god.
   870 | D:2      | Noticed Terence
   882 | D:2      | Killed Terence
   883 | D:2      | Reached XP level 4. HP: 25/35 MP: 4/4
  1467 | D:2      | Noticed Sigmund
  1654 | D:3      | Reached XP level 5. HP: 42/42 MP: 5/5
  1985 | D:3      | Found Rinagh's Distillery.
  1989 | D:3      | Found Rija's Weapon Boutique.
  2067 | D:3      | Noticed Natasha
  2073 | D:3      | Killed Natasha
  2074 | D:3      | Reached XP level 6. HP: 45/49 MP: 6/6
  2102 | D:3      | Reached skill level 1 in Axes
  2405 | D:3      | Noticed a sky beast
  2431 | D:2      | Killed a sky beast
  2432 | D:2      | Reached skill level 5 in Fighting
  2684 | D:3      | Reached skill level 6 in Slings
  2786 | D:4      | Noticed a necrophage
  2796 | D:4      | Killed a necrophage
  2797 | D:4      | Reached XP level 7. HP: 56/56 MP: 7/7
  3429 | D:5      | Entered Level 5 of the Dungeon
  3462 | D:5      | Reached skill level 7 in Slings
  3779 | D:5      | Reached XP level 8. HP: 65/65 MP: 8/8
  3825 | D:5      | Reached skill level 8 in Slings
  4463 | D:6      | Found a staircase to the Ecumenical Temple.
  4499 | Temple   | Entered the Ecumenical Temple
  4648 | Temple   | Became a worshipper of Warmaster Okawaru
  4693 | D:6      | Reached skill level 9 in Slings
  5014 | D:6      | Noticed Prince Ribbit
  5028 | D:6      | Killed Prince Ribbit
  5029 | D:6      | Reached XP level 9. HP: 58/73 MP: 9/9
  5218 | D:6      | Reached skill level 10 in Slings
  6090 | D:7      | Reached * piety under Okawaru
  6521 | D:7      | Reached skill level 11 in Slings
  6971 | D:7      | Reached XP level 10. HP: 46/83 MP: 7/10
  7308 | D:7      | Reached ** piety under Okawaru
  7670 | D:7      | Reached skill level 12 in Slings
  8051 | D:8      | Reached skill level 10 in Fighting
  8088 | D:8      | HP: 3/85 [killer bee (8)]
  8089 | D:8      | HP: 1/85 [poisoned by a killer bee]
  8090 | D:8      | Succumbed to a killer bee's poison

Illustrated notes

Levels and vault maps discovered:
D:1:      lightli_arrival_windingriver, layout_rooms,
          hellmonk_ecumenical_altar_lost_god, nrook_uturn,
          minmay_gold_behind_fungi
D:2:      layout_basic, uniq_terence, uniq_sigmund
D:3:      layout_loops_ring, serial_shops, shop, shop, minivault_11,
          minmay_between, uniq_natasha
D:4:      layout_cave_pools
D:5:      layout_basic
D:6:      layout_cave_pods, minmay_temple_entry_grid, uniq_prince_ribbit1
D:7:      layout_loops_cross
D:8:      layout_rooms, david_lair_shrubbed, enter_bailey_3, grunt_ministairs_4
Temple:   kilobyte_greek_temple

Skill      XL: |  1  2  3  4  5  6  7  8  9 10 |
---------------+-------------------------------+-----
Fighting       | 3 4 5 6 7 9 10 | 10.2
Slings         | 5 6 7 9 11 12 | 12.0
Axes           | 2 |  2.1
Dodging        | |  1.7
Stealth        | |  1.2

Action                   |  1- 3 |  4- 6 |  7- 9 | 10-12 || total
-------------------------+-------+-------+-------+-------++-------
Melee: War axe           |       |    34 |       |       ||    34
 Fire: Hunting sling     |    68 |   106 |   340 |   115 ||   629
Invok: Heroism           |       |       |     3 |     3 ||     6
  Use: Scroll            |     1 |     2 |     3 |       ||     6
       Potion            |       |     1 |       |     7 ||     8
Armor: Leather armour    |     2 |     1 |       |       ||     3
       Scale mail        |       |    21 |    34 |    32 ||    87
       Skin              |       |    12 |       |       ||    12
Dodge: Dodged            |     5 |    43 |    58 |    52 ||   158

Table legend: (Time is in decaauts)
 A = Elapsed time spent in this place.
 B = Non-inter-level travel time spent in this place.
 C = Inter-level travel time spent in this place.
 D = Time resting spent in this place.
 E = Time spent auto-exploring this place.
 F = Levels seen in this place.
 G = Mean time per level.
                   A        B        C        D        E       F      G
               +--------+--------+--------+--------+--------+-----+--------+
         Total |   7960 |   7642 |    318 |   1428 |   5132 |   9 |  884.4 |
       Dungeon |   7779 |   7493 |    286 |   1428 |   4989 |   8 |  972.4 |
        Temple |    181 |    149 |     32 |      0 |    143 |   1 |  181.0 |
               +--------+--------+--------+--------+--------+-----+--------+

Top non-repeatable levels by time:
     D:7: 1872 daAuts
     D:6: 1514 daAuts
     D:3: 1161 daAuts
     D:5: 935 daAuts
     D:1: 865 daAuts
     D:2: 753 daAuts
     D:4: 646 daAuts
  Temple: 181 daAuts
     D:8: 30 daAuts
